 Dungeon Sprint DCSS version 0.29-a0-577-gafbf2c5d25 (webtiles) character file.

Game seed: 10876790291286552338

405 mhtbhm the Grappler (level 6, -4/74 HPs)
             Began as an Ogre Transmuter on June 13, 2022.
             Was an Initiate of Gozag.
             Slain by a two-headed ogre
             ... wielding a +0 giant spiked club
              (23 damage)
             ... in the Dungeon (Sprint IX: "|||||||||||||||||||||||||||||").
             The game lasted 00:01:12 (916 turns).

mhtbhm the Grappler (Ogre Transmuter)                Turns: 916, Time: 00:01:12

Health: -4/74      AC:  6    Str: 17    XL:     6   Next: 87%
Magic:  10/16      EV: 11    Int: 17    God:    Gozag
Gold:   0          SH:  0    Dex: 12    Spells: 9/19 levels left

rFire   x . .      SeeInvis .     - Unarmed
rCold   + + +      Faith    .   (shield currently unavailable)
rNeg    . . .      Spirit   .   (body armour currently unavailable)
rPois   +          Reflect  .   (helmet currently unavailable)
rElec   .          Harm     .   (cloak currently unavailable)
rCorr   .          Rampage  .   (gloves unavailable)
Will    .....      NoTele   +   (boots unavailable)
Stlth   ++........              (no amulet)
HPRegen 0.22/turn               l - +3 ring of dexterity
MPRegen 0.15/turn               k - +3 ring of intelligence

@: ice-form, wereblooded, gold aura, invisible
A: freezing attack, amphibious, boosted hp, large, unfitting armour, (tough skin
1)
a: End Transformation, Renounce Religion, Potion Petition, Call Merchant, Bribe
Branch


You were in the Dungeon.
You worshipped Gozag.
Gozag was noncommittal.
You were a creature of crystalline ice.
You visited 1 branch

Inventory:

Armour
 a - a +0 robe (melded)
Jewellery
 k - a +3 ring of intelligence (right front paw)
 l - a +3 ring of dexterity (left front paw)
Wands
 j - a wand of iceblast (9)
Scrolls
 h - 2 scrolls of blinking
 i - 2 scrolls of amnesia
Potions
 b - a potion of lignification
 c - 5 potions of curing
 d - 3 potions of heal wounds
 e - a potion of haste
 f - 4 potions of magic


   Skills:
 + Level 3.9 Fighting
 + Level 5.0 Dodging
 + Level 1.2 Stealth
 + Level 9.1 Unarmed Combat
 + Level 7.4 Spellcasting
 + Level 5.2 Transmutations
 + Level 0.8 Ice Magic


You had 9 spell levels left.
You knew the following spells:

 Your Spells              Type           Power      Damage    Failure   Level
a - Beastly Appendage     Tmut           48%        N/A       1%          1
b - Wereblood             Tmut           24%        N/A       1%          2
c - Spider Form           Tmut/Pois      15%        N/A       12%         3
d - Ice Form              Ice/Tmut       16%        N/A       30%         4

Your spell library contained the following spells:

 Spells                   Type           Power      Damage    Failure   Level


Dungeon Overview and Level Annotations

Branches:
Dungeon (1/1)

Altars:
Cheibriados
Dithmenos
Elyvilon
Fedhas
Gozag
Hepliaklqana
Kikubaaqudgha
Makhleb
Nemelex Xobeh
Okawaru
Qazlal
Ru
Sif Muna
Trog
Uskayaw
Vehumet
Wu Jian
Xom
Yredelemnul
Zin
The Shining One
Beogh
Jiyva
Lugonu


Innate Abilities, Weirdness & Mutations

You are a creature of crystalline ice.
You have a powerful freezing melee attack.
You are amphibious.
Your maximum health is increased.
Your armour is entirely melded.
You are incapable of wielding weapons or throwing items.
You are too large for most types of armour.
((You have tough skin. (AC +1)))


Message History

You fade into invisibility!
The wyvern barely misses you. The wyvern bites you.
You hit the wyvern. You freeze the wyvern.
The wyvern is moderately wounded.
The wyvern bites you!
You hit the wyvern. You freeze the wyvern.
The wyvern is heavily wounded.
The wyvern misses you.
A magic dart appears from out of thin air!
The magic dart hits the two-headed ogre.
The wyvern bites you but does no damage.
The two-headed ogre shouts in stereo!
Unknown command.
You punch the wyvern! You freeze the wyvern!
You feel a bit better.
You kill the wyvern!
You howl as the wereblood boils in your veins!
Your Stealth skill increases to level 1!
Your Unarmed Combat skill increases to level 9!
Your Spellcasting skill increases to level 7!
Your Transmutations skill increases to level 5!
Unknown command.
Unknown command.
Aiming: Iceblast
Press: ? - help, Shift-Dir - straight line, f - two-headed ogre
Aim: a two-headed ogre, wielding a +0 giant spiked club and a +0 giant club (lightly wounded, can't see you)
The mass of ice explodes!
The iceblast engulfs something!
The iceblast engulfs the two-headed ogre!!
The two-headed ogre is heavily wounded.
Unknown command.
Unknown command.
You punch something! You freeze something.
You feel a bit better.
Reactivating autopickup.
You feel a bit more experienced.
The acid dragon is distracted by your dazzling golden aura.
Your Dodging skill increases to level 5!
The two-headed ogre hits you with a +0 giant spiked club!!
* * * LOW HITPOINT WARNING * * *
The two-headed ogre hits you with a +0 giant club!!
You die...
Your body crumbles into a pile of gold. $$$$$ $ $ $ $$$$$ $$$$ $ $ $ ▓▓▓▓▓▓▓▓▓▓▓▓▓▓▓▓▓▓▓▓▓▓▓ +olD.OY'..[.[.)..'_____ ▓▓▓▓▓▓▓▓▓▓▓▓▓▓▓▓▓▓▓▓▓▓▓

You could see a two-headed ogre (can't see you), an orc warrior (can't see you), a wyvern (can't see you) and an acid dragon (unaware, can't see you).

Vanquished Creatures
  A wyvern (D)
  A black bear (D)
  A phantom (D)
  A jelly (D)
  A gnoll shaman (D)
  An orc wizard (D)
  An adder (D)
  A ball python (D)
  A bat (D)
  An endoplasm (D)
  A hobgoblin (D)
  A frilled lizard (D)
12 creatures vanquished.

Notes
Turn   | Place    | Note
-------+----------+-------------------------------------------
     0 | D        | mhtbhm the Ogre Transmuter began the quest for the Orb.
     0 | D        | Reached XP level 1. HP: 19/19 MP: 3/3
    11 | D        | Reached skill level 3 in Unarmed Combat
   173 | D        | Noticed a gnoll shaman
   173 | D        | Noticed a black bear
   173 | D        | Noticed a jelly
   173 | D        | Noticed a phantom
   182 | D        | Killed a phantom
   183 | D        | Reached skill level 5 in Unarmed Combat
   183 | D        | Reached XP level 2. HP: 13/28 MP: 4/7
   183 | D        | Reached XP level 3. HP: 16/35 MP: 4/8
   183 | D        | Reached XP level 4. HP: 19/42 MP: 5/10
   186 | D        | Reached skill level 6 in Unarmed Combat
   187 | D        | Reached skill level 5 in Spellcasting
   187 | D        | Reached XP level 5. HP: 14/50 MP: 6/12
   433 | D        | Learned a level 2 spell: Wereblood
   437 | D        | Learned a level 3 spell: Spider Form
   442 | D        | Learned a level 4 spell: Ice Form
   449 | D        | Killed a black bear
   450 | D        | Reached skill level 7 in Unarmed Combat
   454 | D        | Reached skill level 8 in Unarmed Combat
   454 | D        | Reached XP level 6. HP: 58/61 MP: 11/15
   460 | D        | Found a snail-covered altar of Cheibriados.
   460 | D        | Found a shadowy altar of Dithmenos.
   460 | D        | Found a white marble altar of Elyvilon.
   460 | D        | Found a blossoming altar of Fedhas.
   460 | D        | Found an opulent altar of Gozag.
   461 | D        | Found a hazy altar of Hepliaklqana.
   462 | D        | Found a viscous altar of Jiyva.
   463 | D        | Found an ancient bone altar of Kikubaaqudgha.
   464 | D        | Found a corrupted altar of Lugonu.
   465 | D        | Found a burning altar of Makhleb.
   466 | D        | Found a sparkling altar of Nemelex Xobeh.
   467 | D        | Found an iron altar of Okawaru.
   468 | D        | Found a stormy altar of Qazlal.
   469 | D        | Found a sacrificial altar of Ru.
   470 | D        | Found a shimmering blue altar of Sif Muna.
   471 | D        | Found a bloodstained altar of Trog.
   476 | D        | Became a worshipper of Gozag Ym Sagoz the Greedy
   481 | D        | Found a hide-covered altar of Uskayaw.
   482 | D        | Found a radiant altar of Vehumet.
   483 | D        | Found an ornate altar of the Wu Jian Council.
   484 | D        | Found a shimmering altar of Xom.
   485 | D        | Found a basalt altar of Yredelemnul.
   486 | D        | Found a glowing silver altar of Zin.
   487 | D        | Found a glowing golden altar of the Shining One.
   906 | D        | Noticed an orc warrior
   906 | D        | Noticed a wyvern
   906 | D        | Noticed an acid dragon
   906 | D        | Noticed a two-headed ogre
   906 | D        | Noticed a wyvern
   913 | D        | Killed a wyvern
   914 | D        | Reached skill level 1 in Stealth
   914 | D        | Reached skill level 9 in Unarmed Combat
   914 | D        | Reached skill level 5 in Transmutations
   916 | D        | Reached skill level 5 in Dodging
   916 | D        | Slain by a two-headed ogre

Illustrated notes

Levels and vault maps discovered:
D:        linesprint [early_d, line_temple, items_1, d_10, items_2, lair_1,
          lair_end, items_3, orc_1, orc_end, items_4, d_15, swamp_1, shoals_1,
          snake_1, spider_1, d_20, vaults_1, items_5, swamp_end, shoals_end,
          snake_end, spider_end, vaults_end, d_27, items_6, zot_1, zot_end,
          crypt_end, forest_end, elf_end, slime_end, tomb_end, abyss_end,
          pan_hell_end]

Skill      XL: |  1  2  3  4  5  6 |
---------------+-------------------+-----
Unarmed Combat | 5 6 8 9 |  9.1
Dodging        | 3 4 5 |  5.0
Transmutations | 3 4 5 |  5.2
Fighting       | 2 3 |  3.9
Spellcasting   | 4 5 6 7 |  7.4
Stealth        | 1 |  1.2
Ice Magic      | |  0.8

Action                   |  1- 3 |  4- 6 || total
-------------------------+-------+-------++-------
Melee: Unarmed           |    30 |    19 ||    49
       Kick              |     4 |     6 ||    10
       Headbutt          |     1 |     3 ||     4
       Punch             |       |     1 ||     1
 Cast: Beastly Appendage |     2 |     1 ||     3
       Wereblood         |       |     2 ||     2
       Ice Form          |       |     1 ||     1
Evoke: Wand              |       |     1 ||     1
  Use: Potion            |     1 |     1 ||     2
 Stab: Sleeping          |       |     1 ||     1
Armor: Robe              |     6 |       ||     6
       Skin              |       |     1 ||     1
Dodge: Dodged            |    10 |     7 ||    17

Table legend: (Time is in decaauts)
 A = Elapsed time spent in this place.
 B = Non-inter-level travel time spent in this place.
 C = Inter-level travel time spent in this place.
 D = Time resting spent in this place.
 E = Time spent auto-exploring this place.
 F = Levels seen in this place.
 G = Mean time per level.
                   A        B        C        D        E       F      G
               +--------+--------+--------+--------+--------+-----+--------+
         Total |    918 |    918 |      0 |    771 |      0 |   1 |  918.0 |
       Dungeon |    918 |    918 |      0 |    771 |      0 |   1 |  918.0 |
               +--------+--------+--------+--------+--------+-----+--------+

Top non-repeatable levels by time:
       D: 918 daAuts
